Get step-by-step instructions on how to execute this build order below. Start the game timer, and the build order will tick by so you can play in parallel with StarCraft on a second screen or mobile device.

Game Time

  0:00

Last Step

  N/A

Next Step

Upcoming Step



Don't want to look back and forth between 2 screens? Try out our Overwolf App, the Spawning Tool Build Advisor to get an in-game overlay with this build!

Complete Build Order

  12  0:12  Extractor  
  12  0:21  Spawning Pool  
  12  0:24  Drone  
  12  0:37  Drone  
  12  0:43  Overlord  
  12  1:08  Queen  
  12  1:21  Zergling x4  
  12  1:26  Zergling x2  
  12  1:34  Zergling x2  
  12  1:47  Zergling x2  
  12  1:55  Overlord  
  12  2:07  Zergling x2